 Dungeon Crawl Stone Soup version 0.31-a0-995-g04711c9635 (webtiles) character file.

Game seed: 9982083736650652459

88 Azuregosa the Sneak (level 4, 0/35 HPs)
             Began as an Octopode Delver on Nov 6, 2023.
             Slain by a phantom (3 damage)
             ... in a sewer.
             The game lasted 00:02:59 (507 turns).

Azuregosa the Sneak (Octopode Delver)                Turns: 507, Time: 00:03:00

Health: 0/35       AC:  1    Str: 11    XL:     4   Next: 54%
Magic:  4/4        EV: 13    Int: 14    God:
Gold:   0          SH:  0    Dex: 13    Spells: 3/3 levels left

rFire   . . .        a - +0 short sword
rCold   . . .        (no shield)
rNeg    . . .        (helmet restricted)
rPois   .            (no amulet)
rElec   .            (no ring)
rCorr   .            (no ring)
SInv    .            (no ring)
Will    .....        (no ring)
Stlth   ++++         (no ring)
HPRegen 0.25/turn    (no ring)
MPRegen 0.09/turn    (no ring)
                     (no ring)

%: no passive effects
@: no status effects
A: almost no armour, amphibious, 8 rings, camouflage 1, gelatinous body 1,
(nimble swimmer 1), tentacles
a: no special abilities


You were in a sewer.
You visited 1 branch of the dungeon, and saw 1 of its levels.
You also visited: Sewer.

Inventory:

Hand Weapons
 a - a +0 short sword (weapon)
Missiles
 c - 11 poisoned darts
Wands
 f - a wand of digging (3)
Scrolls
 b - a scroll of fog
 d - a scroll of fear
Potions
 e - a potion of haste


   Skills:
 + Level 5.2 Fighting
 - Level 2.0 Short Blades
 - Level 2.0 Dodging
 - Level 6.6 Stealth


You had 3 spell levels left.
You didn't know any spells.
Your spell library was empty.

Dungeon Overview and Level Annotations

Branches:
Dungeon (5/15)              Sewer (1/1)
 Temple: D:4-7

Altars:


Innate Abilities, Weirdness & Mutations

You cannot wear most types of armour.
You are amphibious.
You can wear up to eight rings at the same time.
Your skin changes colour to match your surroundings (Stealth+).
Your rubbery body absorbs attacks. (AC +1, EV +1)
((You are camouflaged when in or above water. (Stealth+)))
You have tentacles for arms and can constrict up to eight enemies at once.


Message History

You hit the ufetubus. Your grab misses the ufetubus.
The ufetubus is moderately wounded.
The ufetubus closely misses you. The ufetubus hits you.
You hit the ufetubus but do no damage. You grab the ufetubus.
You squeeze the ufetubus.
The ufetubus is heavily wounded.
You constrict the ufetubus. The ufetubus hits you. x2
The kobold closely misses you.
You barely miss the ufetubus.
You squeeze the ufetubus, but do no damage.
The ufetubus is severely wounded.
You constrict the ufetubus. The ufetubus closely misses you.
The ufetubus hits you but does no damage.
The ufetubus hits you. The ufetubus barely misses you.
You hit the ufetubus.
You kill the ufetubus!
The kobold barely misses you.
Your life force feels restored.
You hit the kobold.
You kill the kobold!
The phantom misses you.
You hit the phantom but do no damage. You squeeze the phantom.
The phantom is lightly damaged.
The phantom hits you.
You barely miss the phantom. You squeeze the phantom!
The phantom is heavily damaged.
The phantom hits you.
* * * LOW HITPOINT WARNING * * *
The phantom blinks!
You blink.
You hit the phantom but do no damage.
The phantom is heavily damaged.
The phantom hits you!
* * * LOW HITPOINT WARNING * * *
You hit the phantom.
The phantom is heavily damaged.
The phantom misses you.
You hit the phantom. Your squeeze misses the phantom.
The phantom is severely damaged.
The phantom hits you.
You die...

#≈.)#)z.z.)#...#......#
#~~~)≈≈))≈~.....~~.~.~#
#≈~≈#≈≈≈≈≈≈#...#≈≈≈≈≈≈#
#############'#########
##### ###...### ###
≈≈≈≈≈~#.)§⌠...#≈≈≈≈
......'.......'....
.W....†.⌠._.⌠.'....
......'....@..'....
≈≈≈≈≈≈#..⌠.W..#≈~~≈
########.....######
##'''## ~...≈ #≈...~#
#≈...≈ #≈...≈#


You could see a phantom.

Vanquished Creatures
  6 shadow imps (Sewer)
  3 ufetubi (Sewer)
  A ball python (Sewer)
  A bat (Sewer)
  2 endoplasms (Sewer)
  3 giant cockroaches (D:5)
  12 kobolds (Sewer)
  3 quokkas (D:5)
  A giant cockroach zombie (Sewer)
32 creatures vanquished.

Notes
Turn   | Place    | Note
-------+----------+-------------------------------------------
     0 | D:5      | Azuregosa the Octopode Delver began the quest for the Orb.
     0 | D:5      | Reached XP level 1. HP: 16/16 MP: 1/1
    31 | D:5      | Found a glowing drain.
    56 | D:5      | Reached XP level 2. HP: 21/21 MP: 2/2
    61 | Sewer    | Entered a sewer
    86 | Sewer    | Reached XP level 3. HP: 22/27 MP: 3/3
   256 | Sewer    | Reached XP level 4. HP: 26/34 MP: 4/4
   336 | Sewer    | Reached skill level 5 in Fighting
   483 | Sewer    | Found an ancient bone altar of Kikubaaqudgha.
   491 | Sewer    | Noticed a phantom
   507 | Sewer    | Slain by a phantom

Illustrated notes

Levels and vault maps discovered:
D:5:      layout_loops_ring, mainiacjoe_overflow_surrounded_room,
          portal_sewer_entry_f, chequers_serial_rivers_large_a,
          grunt_ministairs_10, minivault_26, hangedman_decor_lopped,
          grunt_tough_drop
Sewer:    kennysheep_sewer_church

Skill      XL: |  1  2  3  4 |
---------------+-------------+-----
Fighting       | 4 5 |  5.2
Short Blades   | |  2.0
Dodging        | |  2.0
Stealth        | |  6.6

Action                     |  1- 3 |  4- 6 || total
---------------------------+-------+-------++-------
  Melee: Short sword       |    49 |    33 ||    82
         Constrict         |    13 |    11 ||    24
         Tentacles         |    14 |    10 ||    24
         Punch             |       |     1 ||     1
    Use: Scroll            |     1 |       ||     1
   Stab: Sleeping          |     2 |       ||     2
         Distracted        |       |     1 ||     1
 Armour: Skin              |    17 |    18 ||    35
  Dodge: Dodged            |    24 |    21 ||    45

Table legend: (Time is in decaauts)
 A = Elapsed time spent in this place.
 B = Non-inter-level travel time spent in this place.
 C = Inter-level travel time spent in this place.
 D = Time resting spent in this place.
 E = Time spent auto-exploring this place.
 F = Levels seen in this place.
 G = Mean time per level.
                   A        B        C        D        E       F      G
               +--------+--------+--------+--------+--------+-----+--------+
         Total |    498 |    498 |      0 |    183 |     30 |   2 |  249.0 |
       Dungeon |     59 |     59 |      0 |      0 |      0 |   1 |   59.0 |
         Sewer |    439 |    439 |      0 |    183 |     30 |   1 |  439.0 |
               +--------+--------+--------+--------+--------+-----+--------+

Top non-repeatable levels by time:
   Sewer: 439 daAuts
     D:5: 59 daAuts
